 Dungeon Crawl Stone Soup version 0.26-a0-415-g2a9615731a (webtiles) character file.

Game seed: 5649097755199508010

133 KristoblXynda the Slasher (level 4, 0/38 HPs)
             Began as a Draconian Gladiator on July 25, 2020.
             Killed by divine providence
             ... invoked by an orc priest
              (8 damage)
             ... on level 3 of the Dungeon.
             The game lasted 00:03:58 (3155 turns).

KristoblXynda the Slasher (Draconian Gladiator)     Turns: 3155, Time: 00:03:58

Health: 0/38       AC:  7    Str: 17    XL:     4   Next: 93%
Magic:  4/4        EV: 13    Int:  9    God:
Gold:   110        SH:  0    Dex: 12    Spells: 3/3 levels left

rFire    + . .     SeeInvis .   a - +0 long sword
rCold    . . .     Faith    .   (no shield)
rNeg     . . .     Spirit   .   (armour unavailable)
rPois    .         Reflect  .   b - +0 hat
rElec    .         Harm     .   j - +0 cloak
rCorr    .                      (no gloves)
MR       .....                  i - +0 pair of boots
Stlth    +.........             (no amulet)
HPRegen  0.12/turn              l - ring of protection from fire
MPRegen  0.09/turn              (no ring)

@: no status effects
A: unfitting armour, cold-blooded, AC +5
a: no special abilities


You were on level 3 of the Dungeon.
You visited 1 branch of the dungeon, and saw 3 of its levels.

You collected 110 gold pieces.

Inventory:

Hand Weapons
 a - a +0 long sword (weapon)
Missiles
 c - 3 throwing nets (quivered)
Armour
 b - a +0 hat (worn)
 i - a +0 pair of boots (worn)
 j - a +0 cloak (worn)
Jewellery
 k - an uncursed ring of fire
 l - a ring of protection from fire (left hand)
Scrolls
 d - 3 scrolls of identify
 e - 3 scrolls of remove curse {unknown}
 g - a scroll of teleportation {unknown}
 m - a scroll of magic mapping {unknown}
 o - a scroll of random uselessness {unknown}
 p - a scroll of amnesia {unknown}
 q - a scroll of enchant weapon {unknown}
Potions
 f - 2 potions of curing
 h - a potion of heal wounds
 n - 2 potions of lignification
 r - a potion of stabbing
 s - a potion of brilliance


   Skills:
 + Level 3.3 Fighting
 * Level 4.4 Long Blades
 - Level 2.0 Throwing
 + Level 3.4 Dodging


You had 3 spell levels left.
You didn't know any spells.
Your spell library contained the following spells:

 Spells                   Type           Power        Failure   Level
 Magic Dart               Conj           #...         38%         1
 Searing Ray              Conj           #.....       52%         2
 Dazzling Flash           Conj/Hex       #.....       77%         3
 Fulminant Prism          Conj/Hex       #.........   99%         4
 Iskenderun's Mystic Bla  Conj/Tloc      #.......     99%         4


Dungeon Overview and Level Annotations

Branches:
Dungeon (3/15)

Altars:
Fedhas


Innate Abilities, Weirdness & Mutations

Your plain brown scales are hard. (AC +5)
You cannot fit into any form of body armour.
You are cold-blooded and may be slowed by cold attacks.


Message History

An orc priest is nearby!
An orc priest is nearby!
An orc priest is nearby!
The orc priest shouts!
The orc priest mumbles some strange prayers to Beogh against you.
Pain shoots through your body!
You hit the orc priest.
The orc priest is lightly wounded.
The orc priest hits you but does no damage.
The orc priest mumbles some strange prayers to Beogh against you.
Beogh smites you!
* * * LOW HITPOINT WARNING * * *
You barely miss the orc priest.
The orc priest is lightly wounded.
The orc priest barely misses you.
You slash the orc priest!
The orc priest is severely wounded.
The orc priest invokes the aid of Beogh against you.
Beogh smites you!
You die...

..)...................#........##
................................#
......................#.........#
........................#######.#
.....................#..# #.#
.....................#..## #.#
.........................######.#
.........................##.....#
........o@......>.''.....#
..................##....##
..................##....##
..............|...##....#
.......†..........##....#
.......†..........##....#
..................##....##
........#########........#
).......# #........#


You could see an orc priest.

Vanquished Creatures
  An orc priest (D:3)
  An adder (D:3)
  A shadow imp (D:3)
  2 oozes
  3 worms
  4 dart slugs
  A leopard gecko (D:2)
  6 orcs
  2 giant cockroaches
  6 goblins
  5 hobgoblins
  6 jackals (D:3)
  5 bats
  4 frilled lizards
  5 kobolds
  4 rats
56 creatures vanquished.

Notes
Turn   | Place    | Note
-------+----------+-------------------------------------------
     0 | D:1      | KristoblXynda the Draconian Gladiator began the quest for
                  | the Orb.
     0 | D:1      | Reached XP level 1. HP: 17/17 MP: 1/1
   117 | D:1      | Reached XP level 2. HP: 16/25 MP: 2/2
  1280 | D:2      | Reached XP level 3. HP: 23/30 MP: 3/3
  1928 | D:2      | Found a blossoming altar of Fedhas.
  2329 | D:3      | Reached XP level 4. HP: 27/38 MP: 4/4
  2462 | D:3      | Reached skill level 4 in Long Blades
  3155 | D:3      | Killed from afar by an orc priest

Illustrated notes

Levels and vault maps discovered:
D:1:      nicolae_arrival_washed_ashore, layout_loops_ring,
          serial_co_window_serial, co_window_paths_b, co_window_paths_a,
          co_window_paths_a, co_window_paths_a, co_window_of_opportunity_a,
          co_window_corner_b, co_window_broadway_c, co_window_unsneaky_path_a,
          glass_columns_a, glass_columns_c, glass_columns_a,
          minmay_misc_feat_chi
D:2:      layout_basic, fedhas_altar_1
D:3:      layout_basic

Skill      XL: |  1  2  3  4 |
---------------+-------------+-----
Throwing       | 2 |  2.0
Dodging        | 3 |  3.4
Fighting       | 3 |  3.3
Long Blades    | 4 |  4.4

Action                   |  1- 3 |  4- 6 || total
-------------------------+-------+-------++-------
Melee: Long sword        |   103 |    54 ||   157
       Tailslap          |    19 |     7 ||    26
  Use: Scroll            |       |     5 ||     5
 Stab: Sleeping          |     3 |       ||     3
Armor: Skin              |    40 |    14 ||    54
Dodge: Dodged            |    98 |    48 ||   146
       Rpst.: Long sword |    27 |    21 ||    48

Table legend: (Time is in decaauts)
 A = Elapsed time spent in this place.
 B = Non-inter-level travel time spent in this place.
 C = Inter-level travel time spent in this place.
 D = Time resting spent in this place.
 E = Time spent auto-exploring this place.
 F = Levels seen in this place.
 G = Mean time per level.
                   A        B        C        D        E       F      G
               +--------+--------+--------+--------+--------+-----+--------+
         Total |   3187 |   3072 |    115 |    685 |   1868 |   3 | 1062.3 |
       Dungeon |   3187 |   3072 |    115 |    685 |   1868 |   3 | 1062.3 |
               +--------+--------+--------+--------+--------+-----+--------+

Top non-repeatable levels by time:
     D:1: 1199 daAuts
     D:2: 1089 daAuts
     D:3: 898 daAuts
